 Dungeon Crawl Stone Soup version 0.30-a0-920-g7493c07aab (webtiles) character file.

Game seed: 12207008170480928318

44793 rubashov the Warrior (level 14, 126/126 HPs)
             Began as a Djinni Fire Elementalist on Mar 10, 2023.
             Was a High Priest of Ashenzari.
             Quit the game on level 5 of the Lair of Beasts on Mar 21, 2023.
             The game lasted 01:20:55 (15106 turns).

rubashov the Warrior (Djinni Fire Elementalist)    Turns: 15106, Time: 01:20:56

Health: 126/126    AC: 10    Str: 13    XL:     14   Next: 67%
Gold:   420        EV: 21    Int: 38    God:    Ashenzari [*****.] SH:  0 Dex: 18

rFire   + + +      SeeInvis +    b - staff of cold (curse) {Cun, Fort}
rCold   + . .      Faith    .    (no shield)
rNeg    . . .      Spirit   .    P - +4 robe of Augmentation {Str+4 Int+4 Dex+4, Evo, Self} (curse)
rPois   ∞          Reflect  .    S - +2 helmet "Astrological Visionary" {SInv, Melee, Self} (curse)
rElec   .          Rampage  .    T - scarf {rC+ rF+}
rCorr   .          Clarity  +    j - +0 pair of gloves of Ashenzari's Jealousy {Range, Cun} (curse)
Will    ++...                    (boots unavailable)
Stlth   ++++                     s - amulet "Circumscribed With Me" {Will+ Regen+ Str+2, Cun, Self} (curse)
HPRegen 1.21/turn                z - ring of the Mantic God {Int+6, Range, Self} (curse)
MPRegen 0.00/turn                x - ring of the Eternal Stars {Int+6, Fort, Cun} (curse)

@: flying
A: sickness immunity, fire resistance 2, cold vulnerability 1, float, innate
caster, HP casting, extra vitality 1
a: Renounce Religion, Curse Item, Shatter the Chains


You were on level 5 of the Lair of Beasts.
You worshipped Ashenzari.
Ashenzari was extremely pleased with you.
You visited 3 branches of the dungeon, and saw 17 of its levels.

You collected 1083 gold pieces.
You spent 663 gold pieces at shops.

Inventory:

Hand Weapons
 l - the +0 short sword of Instant Death {freeze, Will+ Stlth+}
   (You found it on level 2 of the Dungeon)

   Will:      It increases your willpower.
   Stlth:     It makes you more stealthy.
 R - a +2 scimitar of flaming
Missiles
 e - 178 stones
 g - 23 poisoned darts
 G - 2 throwing nets
 K - 11 curare-tipped darts (quivered)
Armour
 j - the cursed +0 pair of gloves of Ashenzari's Jealousy (worn) {Range, Cun}
   (You found it on level 5 of the Dungeon)

   It has a curse which improves the following skills: Ranged Combat: Ranged
   Weapons and Throwing.
   Cunning:   Dodging and Stealth.
 P - the cursed +4 robe of Augmentation (worn) {Str+4 Int+4 Dex+4, Evo, Self}
   (You found it on level 10 of the Dungeon)

   Str:       It affects your strength (+4).
   Int:       It affects your intelligence (+4).
   Dex:       It affects your dexterity (+4).
   It has a curse which improves the following skills: Evocations: Evocations.
   Introspection: Fighting and Spellcasting.
 S - the cursed +2 helmet "Astrological Visionary" (worn) {SInv, Melee, Self}
   (You bought it in a shop on level 2 of the Dungeon)

   It has a curse which improves the following skills: Melee Combat: Short
   Blades, Long Blades, Axes, Maces & Flails, Polearms, Staves and Unarmed
   Combat.
   Introspection: Fighting and Spellcasting.
 T - a scarf of resistance (worn)
 Y - a +0 helmet
Magical Staves
 b - a cursed staff of cold (weapon) {Cun, Fort}
 F - a staff of fire
Jewellery
 m - a ring of ice
 s - the cursed amulet "Circumscribed With Me" (around neck) {Will+ Regen+ Str+2, Cun, Self}
   (You acquired it on level 3 of the Dungeon)

   [amulet of regeneration]

   Str:       It affects your strength (+2).
   Regen:     It increases your rate of health regeneration.
   Will:      It increases your willpower.
   It has a curse which improves the following skills: Cunning: Dodging and
   Stealth.
   Introspection: Fighting and Spellcasting.
 x - the cursed ring of the Eternal Stars (right hand) {Int+6, Fort, Cun}
   (You found it on level 5 of the Dungeon)

   [ring of intelligence]

   Int:       It affects your intelligence (+6).
   It has a curse which improves the following skills: Fortitude: Armour and
   Shields.
   Cunning:   Dodging and Stealth.
 z - the cursed ring of the Mantic God (left hand) {Int+6, Range, Self}
   (You found it on level 6 of the Dungeon)

   [ring of intelligence]

   Int:       It affects your intelligence (+6).
   It has a curse which improves the following skills: Ranged Combat: Ranged
   Weapons and Throwing.
   Introspection: Fighting and Spellcasting.
 I - a ring of protection from cold
Wands
 d - a wand of flame (115)
 k - a wand of quicksilver (4)
 D - a wand of polymorph (11)
 E - a wand of roots (7)
 H - a wand of digging (6)
 N - a wand of paralysis (8)
 W - a wand of mindburst (8)
Scrolls
 a - 8 scrolls of identify
 c - 5 scrolls of blinking
 r - 2 scrolls of noise
 t - a scroll of enchant weapon
 u - 6 scrolls of teleportation
 v - a scroll of fog
 y - a scroll of silence
 J - a scroll of immolation
 O - a scroll of poison
 Q - 3 scrolls of magic mapping
 Z - a scroll of fear
Potions
 f - 3 potions of heal wounds
 h - 9 potions of curing
 i - 6 potions of haste
 n - 5 potions of attraction
 o - 2 potions of brilliance
 p - 2 potions of mutation
 q - 2 potions of ambrosia
 A - a potion of flight
 U - a potion of might
 V - a potion of invisibility
 X - a potion of lignification


   Skills:
 - Level 15.6(20.5) Fighting
 * Level 5.9(8.1) Staves
 - Level 9.5(14.5) Dodging
 - Level 4.9(9.6) Stealth
 - Level 12.5(17.5) Spellcasting
 - Level 7.6(9.8) Evocations


You knew the following spells:

 Your Spells              Type           Power      Damage    Failure   Level
a - Foxfire               Conj/Fire      100%       2x1d9     0%          1
b - Scorch                Fire           100%       2d10      0%          2
c - Kindle Blastsparks    Fire/Tloc/Air  100%       2d18      0%          3
d - Inner Flame           Hex/Fire       100%       N/A       0%          3
e - Flame Wave            Conj/Fire      100%       2d21      0%          4
f - Sting                 Tmut/Pois      100%       1d8       0%          1
g - Wereblood             Tmut           100%       N/A       0%          2
h - Hailstorm             Conj/Ice       100%       3d20      0%          3
i - Swiftness             Air            100%       N/A       0%          3
j - Alistair's Intoxicat  Tmut/Pois      70%        N/A       1%          5
k - Irradiate             Conj/Tmut      52%        3d29      1%          5
Your spell library was empty.

Dungeon Overview and Level Annotations

Branches:
Dungeon (11/15)            Temple (1/1) D:6            Lair (5/5) D:11
 Shoals (0/4) Lair:2       Spider (0/4) Lair:2        Slime (0/5) Lair:4
    Orc (0/2) D:10

Altars:
Ashenzari
Cheibriados
Dithmenos
Elyvilon
Fedhas
Gozag
Hepliaklqana
Makhleb
Nemelex Xobeh
Okawaru
Qazlal
Ru
Trog
Uskayaw
Wu Jian
Xom
Yredelemnul
Zin
The Shining One
Jiyva
Lugonu

Shops:
D:2 *   D:3 !   D:9 *

Portals:
Abyss: Lair:3

Annotations:
D:7 2 runed translucent doors
D:8 2 transporters, bande's ghost, novice GrFi
Lair:4 1 runed translucent door


Innate Abilities, Weirdness & Mutations

You are immune to sickness and miasma.
You are immune to poison.
Your flesh is very heat resistant. (rF++)
You are vulnerable to cold. (rC-)
You float through the air rather than walking.
You learn spells naturally, not from books.
Your magical power is your life essence.
You have superior vitality. (+4 MHP)


Message History

A cannonade of hail descends around you!
The hail pelts the catoblepas!!
The catoblepas is heavily wounded.
Casting: Hailstorm (safe; 0% risk of failure)
Confirm with . or Enter, or press ? or * to list all spells.
Flames lash the catoblepas but do no damage.
The catoblepas gores you!!
Casting: Scorch (safe; 0% risk of failure)
Confirm with . or Enter, or press ? or * to list all spells.
Flames lash the catoblepas.
The catoblepas is severely wounded.
The catoblepas's fire resistance burns away.
The catoblepas misses you.
Casting: Scorch (safe; 0% risk of failure)
Confirm with . or Enter, or press ? or * to list all spells.
Flames lash the catoblepas.
The catoblepas is burned terribly!
The catoblepas is severely wounded.
The catoblepas gores you!
Casting: Scorch (safe; 0% risk of failure)
Confirm with . or Enter, or press ? or * to list all spells.
Flames lash the catoblepas.
The catoblepas is severely wounded.
The catoblepas barely misses you.
Casting: Scorch (safe; 0% risk of failure)
Confirm with . or Enter, or press ? or * to list all spells.
Flames lash the catoblepas.
The catoblepas is burned terribly!
The catoblepas is almost dead.
The catoblepas gores you!!
Casting: Scorch (safe; 0% risk of failure)
Confirm with . or Enter, or press ? or * to list all spells.
Flames lash the catoblepas.
The catoblepas is burned terribly!
You kill the catoblepas!
You start resting.
HP restored.
A yak comes into view.
Save game and exit?
Welcome back, rubashov the Djinni Fire Elementalist.
Ashenzari says: Partake of my vision.
Partake of my curse.
Press ? for a list of commands and other information.
Are you sure you want to abandon this character and quit the game? (Confirm with "yes".)

...........8......###
.##.#..###......### *
.P....## ##.....P# *
* ,,,** ......#
##...###PP# , ,,,,
.....####...####### *
, ,,, .....#
#..†###.### ** ,,
.##..# #..##.....## ,
,, ,
.....###......#..P###
** ** ,, ,
.##.###......##.@...#
,** , ...##
##....####.......Y ,,
...# ##.###
*#.###...# * #..# ###
* ..# ... * #### ****
* .## .#* * , .# ** ,
* *, ,, , .* * ** ,**
{ ,*#. ,*** * * * , ,
* * ,


You could see a yak (asleep).

Vanquished Creatures
  Snorg (D:10)
  Erica (Lair:1)
  4 hydras
  3 two-headed ogres
  A catoblepas (Lair:5)
  16 death yaks
  2 boulder beetles
  Urug (Lair:2)
  2 skysharks
  Amaemon (D:10)
  Pikel (D:7)
  A wolf spider (Lair:2)
  A manticore (Lair:5)
  A cyclops (D:7)
  4 black mambas
  Joseph (D:10)
  5 elephants (Lair:2)
  A torpor snail (Lair:5)
  2 cane toads
  An orange demon (D:10)
  An unseen horror (D:11)
  A kobold demonologist (D:9)
  3 rime drakes
  5 komodo dragons
  A queen bee (D:11)
  4 trolls
  A polar bear (Lair:1)
  2 hornets
  10 blink frogs
  Grinder (D:4)
  12 dream sheep
  A shadow (D:7)
  2 culicivoras
  A vampire (D:11)
  2 wraiths
  3 yaks (Lair:4)
  3 wyverns
  Eustachio (D:6)
  5 basilisks
  4 steam dragons
  A redback (Lair:2)
  Menkaure (D:6)
  2 acid dragons
  Duvessa (D:7)
  15 water moccasins
  7 orc warriors
  The ghost of patfeehan111222 the Trooper, an amateur MiBe of Trog (D:4)
  3 ice beasts
  5 black bears
  7 wolves
  4 centaurs
  2 ogres (D:6)
  A lemure (D:7)
  5 kobold brigands
  A phantom (D:6)
  10 bullfrogs
  2 gnoll sergeants
  4 scorpions
  Dowan (D:7)
  11 wights
  20 killer bees
  10 howler monkeys
  A jelly (D:8)
  2 electric eels (Lair:1)
  A lava snake (D:10)
  A hound (D:5)
  4 orc priests
  A gnoll bouda (D:8)
  Ijyb (D:3)
  4 iguanas
  A sleepcap (D:7)
  6 hell rats (Lair:5)
  14 orc wizards
  4 adders
  7 gnolls (D:8)
  A shadow imp (D:5)
  3 white imps
  3 ufetubi
  5 worms
  2 dart slugs
  44 orcs
  8 endoplasms
  2 giant cockroaches
  8 hobgoblins
  4 jackals (D:4)
  15 kobolds
  4 quokkas
  7 ball pythons
  5 bats
  5 frilled lizards
  4 goblins
  9 rats
  A butterfly (D:8)
  A lurking horror (Lair:3)
405 creatures vanquished.

Vanquished Creatures (collateral kills)
  A ball python (D:2)
  A foxfire (D:11)
2 creatures vanquished.

Vanquished Creatures (others)
  An endoplasm (D:4)
  31 foxfires
  29 fungi
  52 plants
113 creatures vanquished.

Grand Total: 520 creatures vanquished

Notes
Turn   | Place    | Note
-------+----------+-------------------------------------------
     0 | D:1      | rubashov the Djinni Fire Elementalist began the quest for
                  | the Orb.
     0 | D:1      | rubashov set off with the following spells memorised:
                  | Foxfire, Scorch, Kindle Blastsparks, Inner Flame, Flame
                  | Wave.
     0 | D:1      | Reached XP level 1. HP: 15/15 MP: 0/0
    72 | D:1      | Reached XP level 2. HP: 19/21 MP: 0/0
   417 | D:1      | Reached XP level 3. HP: 23/25 MP: 0/0
   417 | D:1      | Learned a level 1 spell: Sting
  1098 | D:2      | Reached XP level 4. HP: 27/31 MP: 0/0
  1203 | D:2      | Found a faded altar of an unknown god.
  1305 | D:2      | Identified the +0 short sword of Instant Death {freeze,
                  | Will+ Stlth+}
  1395 | D:2      | Found Ykkunwot's General Store.
  1398 | D:2      | Bought a scroll of blinking for 75 gold pieces
  1878 | D:3      | Reached skill level 1 in Fighting
  2037 | D:3      | Noticed Ijyb
  2042 | D:3      | Killed Ijyb
  2043 | D:3      | Reached XP level 5. HP: 21/37 MP: 0/0
  2043 | D:3      | Learned a level 2 spell: Wereblood
  2106 | D:3      | Found Cyete Obees's Distillery.
  2290 | D:3      | Identified a scroll of acquirement
  2290 | D:3      | Acquired the amulet "Gadaiclefimi" {Will+ Regen+ Str+2}
  2754 | D:4      | Found a runed translucent gate.
  2755 | D:4      | Found a runed translucent gate.
  2755 | D:4      | Found a runed translucent gate.
  2755 | D:4      | Found an opulent altar of Gozag.
  2877 | D:4      | Found a basalt altar of Yredelemnul.
  3313 | D:4      | Reached XP level 6. HP: 39/42 MP: 0/0
  3398 | D:4      | Found a hide-covered altar of Uskayaw.
  3483 | D:4      | Noticed Grinder
  3532 | D:4      | Killed Grinder
  3533 | D:4      | Reached skill level 5 in Spellcasting
  3533 | D:4      | Reached XP level 7. HP: 32/48 MP: 0/0
  3533 | D:4      | Learned a level 3 spell: Hailstorm
  3720 | D:4      | Noticed a steam dragon
  3721 | D:4      | Noticed patfeehan111222's ghost (amateur MiBe)
  3909 | D:4      | Killed a steam dragon
  3910 | D:4      | Reached skill level 2 in Fighting
  3929 | D:4      | Killed patfeehan111222's ghost
  4001 | D:5      | Entered Level 5 of the Dungeon
  4016 | D:5      | Reached skill level 3 in Fighting
  4130 | D:5      | Found a burning altar of Makhleb.
  4141 | D:5      | Reached skill level 4 in Fighting
  4141 | D:5      | Reached XP level 8. HP: 56/58 MP: 0/0
  4676 | D:6      | Reached skill level 5 in Fighting
  4770 | D:6      | Noticed Menkaure
  4773 | D:6      | Killed Menkaure
  4774 | D:6      | Reached skill level 6 in Fighting
  4840 | D:6      | Found a staircase to the Ecumenical Temple.
  4845 | Temple   | Entered the Ecumenical Temple
  4965 | Temple   | Became a worshipper of Ashenzari the Shackled
  5009 | D:6      | Noticed Eustachio
  5023 | D:6      | Killed Eustachio
  5053 | D:6      | Reached XP level 9. HP: 64/66 MP: 0/0
  5053 | D:6      | Learned a level 3 spell: Swiftness
  5328 | D:7      | Found a large runed translucent door.
  5328 | D:7      | Found a large runed translucent door.
  5384 | D:7      | Noticed a cyclops
  5388 | D:7      | Killed a cyclops
  5390 | D:7      | Reached skill level 7 in Fighting
  5423 | D:7      | Acquired a manual of Fighting
  5441 | D:7      | Noticed Pikel
  5444 | D:7      | Killed Pikel
  5445 | D:7      | Reached skill level 9 in Fighting
  5445 | D:7      | Reached XP level 10. HP: 70/79 MP: 0/0
  5472 | D:7      | Reached skill level 10 in Fighting
  5558 | D:7      | Reached skill level 11 in Fighting
  5571 | D:7      | Noticed Dowan
  5580 | D:7      | Killed Dowan
  5756 | D:7      | Reached skill level 12 in Fighting
  5784 | D:7      | Noticed Duvessa
  5788 | D:7      | Killed Duvessa
  6025 | D:7      | Found a large runed translucent door.
  6025 | D:7      | Found a large runed translucent door.
  6031 | D:7      | Reached skill level 13 in Fighting
  6427 | D:7      | Identified the +0 scale mail of the Past {Str+3 Int-3}
  6472 | D:8      | Found a shimmering altar of Xom.
  6505 | D:8      | Found a transporter.
  6522 | D:8      | Found a transporter.
  6524 | D:8      | Noticed bande's ghost (novice GrFi)
  6674 | D:8      | Reached skill level 14 in Fighting
  6746 | D:8      | Reached * piety under Ashenzari
  7134 | D:8      | Reached ** piety under Ashenzari
  7347 | D:9      | Noticed a two-headed ogre
  7356 | D:9      | Reached XP level 11. HP: 95/97 MP: 0/0
  7356 | D:9      | Learned a level 5 spell: Alistair's Intoxication
  7362 | D:9      | Killed a two-headed ogre
  7369 | D:9      | Found a bloodstained altar of Trog.
  7495 | D:9      | Found Qaqeank's Assorted Antiques.
  7500 | D:9      | Bought a scroll labelled UFAECR DEIGAO for 27 gold pieces
  7500 | D:9      | Bought a scroll of teleportation for 81 gold pieces
  7572 | D:9      | Found an ornate altar of the Wu Jian Council.
  8024 | D:10     | Entered Level 10 of the Dungeon
  8024 | D:10     | Noticed a two-headed ogre
  8027 | D:10     | Killed a two-headed ogre
  8027 | D:10     | Noticed Amaemon
  8029 | D:10     | Killed Amaemon
  8030 | D:10     | Reached skill level 10 in Spellcasting
  8074 | D:10     | Found a shadowy altar of Dithmenos.
  8074 | D:10     | Found a glowing silver altar of Zin.
  8257 | D:10     | Noticed a two-headed ogre
  8264 | D:10     | Killed a two-headed ogre
  8337 | D:10     | Noticed Snorg
  8350 | D:10     | Noticed Sonja
  8351 | D:10     | Killed Snorg
  8352 | D:10     | Sonja changed into Sonja the culicivora
  8352 | D:10     | Noticed Sonja
  8354 | D:10     | Killed Sonja the culicivora
  8355 | D:10     | Reached XP level 12. HP: 89/103 MP: 0/0
  8377 | D:10     | Found the +4 robe of Augmentation {Str+4 Int+4 Dex+4}
  8384 | D:10     | Noticed Joseph
  8395 | D:10     | Killed Joseph
  8639 | D:10     | Reached skill level 5 in Dodging
  8714 | D:10     | Found a staircase to the Orcish Mines.
  8955 | D:11     | Reached *** piety under Ashenzari
  8956 | D:11     | Identified Sif Muna's Lessons on Alteration
  8985 | D:11     | Reached skill level 1 in Evocations
  9020 | D:11     | Noticed a boulder beetle
  9039 | D:11     | Killed a boulder beetle
  9049 | D:11     | Found a staircase to the Lair.
  9361 | D:11     | Reached skill level 5 in Evocations
  9659 | Lair:1   | Entered Level 1 of the Lair of Beasts
  9752 | Lair:1   | Noticed Erica
  9760 | Lair:1   | Killed Erica
 10073 | D:2      | Bought a +0 helmet for 45 gold pieces
 10073 | D:2      | Bought a scarf of resistance for 320 gold pieces
 10078 | D:2      | Reached **** piety under Ashenzari
 10698 | Lair:1   | Reached ***** piety under Ashenzari
 10831 | Lair:2   | Found a staircase to the Shoals.
 10917 | Lair:2   | Reached XP level 13. HP: 109/114 MP: 0/0
 10917 | Lair:2   | Learned a level 5 spell: Irradiate
 10933 | Lair:2   | Noticed an eight-headed hydra
 10944 | Lair:2   | Killed an eight-headed hydra
 10977 | Lair:2   | Noticed a four-headed hydra
 10987 | Lair:2   | Killed a four-headed hydra
 11099 | Lair:2   | Reached skill level 15 in Fighting
 11129 | Lair:2   | Found a hole to the Spider Nest.
 11561 | Lair:2   | Noticed Urug
 11574 | Lair:2   | Killed Urug
 12066 | D:2      | Bought a +0 helmet of see invisible for 115 gold pieces
 12313 | Lair:3   | Found a one-way gate to the infinite horrors of the Abyss.
 12316 | Lair:3   | Found a corrupted altar of Lugonu.
 13392 | Lair:4   | Reached XP level 14. HP: 98/128 MP: 0/0
 13849 | Lair:4   | Found a runed translucent door.
 13850 | Lair:4   | Found a viscous altar of Jiyva.
 13860 | Lair:4   | Found a staircase to the Slime Pits.
 14277 | Lair:5   | Entered Level 5 of the Lair of Beasts
 14633 | Lair:5   | Reached skill level 5 in Staves
 15106 | Lair:5   | Upgraded the game from 0.30-a0-867-g305f33218d to
                  | 0.30-a0-920-g7493c07aab
 15106 | Lair:5   | Quit the game

Illustrated notes

Levels and vault maps discovered:
D:1:      amcnicky_arrival_underground_garden, layout_loops_ring,
          dk_noncrumbling_2
D:2:      layout_basic, ebering_ecumenical_altar_hall, serial_shops,
          nicolae_shop_behind_doors, st_stairs_1, chequers_arboretum
D:3:      layout_loops_ring, serial_shops, shop, uniq_ijyb
D:4:      layout_basic, kennysheep_mini, lemuel_round_altar,
          serial_co_window_serial, co_window_paths_b, co_window_paths_b,
          co_window_corner_a, co_window_corner_a, co_window_paths_a,
          co_window_unsneaky_path_b, co_window_broadway_c,
          co_window_of_opportunity_b, co_window_broadway_b, co_window_corner_cb,
          co_window_cross_2, co_window_4corner_a, ebering_ghost_gozag,
          uniq_grinder
D:5:      layout_loops_ring, mainiacjoe_overflow_catwalk
D:6:      layout_cave_pools, temple_doors_e, uniq_menkaure, uniq_eustachio
D:7:      layout_loops_cross, led_sif_book, minmay_hollow_rounded_squares,
          uniq_duvessa, uniq_pikel
D:8:      layout_basic, xom_butterflies, gammafunk_ghost_stat_death
D:9:      layout_loops_cross, trog_ov_bears_minmay,
          mainiacjoe_overflow_brackets, serial_shops, shop, moated_statue
D:10:     layout_rooms, nicolae_overflow_two_pavilions, general_overflow_altar,
          david_orc_4, serial_bayou_pond_d, uniq_amaemon, uniq_sonja,
          uniq_joseph, uniq_snorg
D:11:     layout_irregular_city, minmay_lair_entry_grove,
          minmay_misc_feat_more_columns, minmay_misc_feat_cross,
          nicolae_looking_at_the_future
Temple:   minmay_temple_bridge_abc
Lair:1:   layout_chaotic_city, chequers_serial_rivers_small_b,
          serial_bayou_lake_a, grunt_megastairs_3, uniq_erica
Lair:2:   layout_chaotic_city, shoals_dummy_entry, spider_nest_entry_funnel_web,
          uniq_urug
Lair:3:   layout_gridlike, amcnicky_altar_lugonu_corruption
Lair:4:   layout_cave_pods, slime_entry_2, grunt_megastairs_2, lemuel_fruit_tree
Lair:5:   evilmike_catoblepas_cave, layout_loops_ring, st_stairs_4

Skill      XL: |  1  2  3  4  5  6  7  8  9 10 11 12 13 14 |
---------------+-------------------------------------------+-----
Spellcasting   | 3 4 5 6 8 10 11 12 | 12.5
Fighting       | 1 4 6 9 14 15 | 15.6
Dodging        | 3 6 9 |  9.5
Evocations     | 6 7 |  7.6
Stealth        | 3 4 |  4.9
Staves         | 5 |  5.9

Action                     |  1- 3 |  4- 6 |  7- 9 | 10-12 | 13-15 || total
---------------------------+-------+-------+-------+-------+-------++-------
  Melee: Staff             |       |       |       |     6 |       ||     6
  Throw: Dart              |       |       |       |     1 |     1 ||     2
   Cast: Foxfire           |     8 |       |       |     1 |    10 ||    19
         Scorch            |    35 |    71 |    99 |   166 |    80 ||   451
         Hailstorm         |       |       |     4 |   157 |   107 ||   268
         Alistair's Intoxi |       |       |       |     2 |       ||     2
         Kindle Blastspark |       |       |       |       |     5 ||     5
         Irradiate         |       |       |       |       |    11 ||    11
 Invoke: Curse Item        |       |       |       |     7 |     2 ||     9
         Shatter the Chain |       |       |       |       |     2 ||     2
  Evoke: Wand              |       |       |       |     1 |       ||     1
    Use: Scroll            |     5 |     8 |     4 |       |     2 ||    19
 Armour: Robe              |       |     3 |    10 |    21 |    13 ||    47
         Troll leather arm |       |       |       |     6 |       ||     6
  Dodge: Dodged            |     3 |     6 |    22 |    69 |    54 ||   154

Table legend: (Time is in decaauts)
 A = Elapsed time spent in this place.
 B = Non-inter-level travel time spent in this place.
 C = Inter-level travel time spent in this place.
 D = Time resting spent in this place.
 E = Time spent auto-exploring this place.
 F = Levels seen in this place.
 G = Mean time per level.
                   A        B        C        D        E       F      G
               +--------+--------+--------+--------+--------+-----+--------+
         Total |  15143 |  13500 |   1643 |   1226 |   9456 |  17 |  890.8 |
       Dungeon |  10314 |   9123 |   1191 |    750 |   6485 |  11 |  937.6 |
        Temple |    140 |    114 |     26 |      0 |    104 |   1 |  140.0 |
          Lair |   4688 |   4263 |    425 |    476 |   2867 |   5 |  937.6 |
               +--------+--------+--------+--------+--------+-----+--------+

Top non-repeatable levels by time:
     D:4: 1367 daAuts
  Lair:4: 1214 daAuts
     D:7: 1181 daAuts
     D:2: 1159 daAuts
     D:8: 998 daAuts
  Lair:3: 964 daAuts
  Lair:2: 911 daAuts
    D:10: 896 daAuts
    D:11: 893 daAuts
     D:1: 870 daAuts
  Lair:1: 822 daAuts
     D:3: 816 daAuts
  Lair:5: 775 daAuts
     D:9: 759 daAuts
     D:5: 710 daAuts
